 Dungeon Crawl Stone Soup version 0.26.1-11-gd32895ea62 (webtiles) character file.

Game seed: 9856365616463694766

37 raph the Gusty (level 3, -2/19 HPs)
             Began as a Tengu Air Elementalist on Apr 15, 2021.
             Slain by Sigmund
             ... wielding a +1 scythe of protection
              (15 damage)
             ... on level 2 of the Dungeon.
             The game lasted 00:02:57 (1809 turns).

raph the Gusty (Tengu Air Elementalist)             Turns: 1809, Time: 00:02:57

Health: -2/19      AC:  2    Str:  8    XL:     3   Next: 39%
Magic:  0/7        EV: 13    Int: 16    God:
Gold:   15         SH:  0    Dex: 14    Spells: 0/6 levels left

rFire    . . .     SeeInvis .   d - +0 spear
rCold    . . .     Faith    .   (no shield)
rNeg     . . .     Spirit   .   a - +0 robe
rPois    .         Reflect  .   (helmet restricted)
rElec    .         Harm     .   (no cloak)
rCorr    .         Rampage  .   (no gloves)
Will     .....                  (boots unavailable)
Stlth    ++........             (no amulet)
HPRegen  0.06/turn              (no ring)
MPRegen  0.10/turn              (no ring)

@: no status effects
A: beak, talons 3
a: no special abilities


You were on level 2 of the Dungeon.
You visited 1 branch of the dungeon, and saw 2 of its levels.

You collected 15 gold pieces.

Inventory:

Hand Weapons
 d - a +0 spear (weapon)
Armour
 a - a +0 robe (worn)
Scrolls
 b - 2 scrolls of identify {unknown}
 c - a scroll of enchant weapon {unknown}
 e - 2 scrolls of immolation {unknown}
 f - 2 scrolls of remove curse {unknown}
 g - a scroll of noise {unknown}


   Skills:
 + Level 2.5 Dodging
 + Level 2.4 Stealth
 + Level 2.3 Spellcasting
 + Level 2.1 Conjurations
 * Level 4.7 Air Magic


You couldn't memorise any spells.
You knew the following spells:

 Your Spells              Type           Power        Failure   Level
a - Shock                 Conj/Air       48%          4%          1
b - Swiftness             Air            16%          4%          2
c - Static Discharge      Conj/Air       12%          16%         3

Your spell library contained the following spells:

 Spells                   Type           Power        Failure   Level
 Airstrike                Air            8%           28%         4
 Lightning Bolt           Conj/Air       6%           80%         5


Dungeon Overview and Level Annotations

Branches:
Dungeon (2/15)

Altars:
Trog

Annotations:
D:2 Sigmund


Innate Abilities, Weirdness & Mutations

You have a beak for a mouth.
You have claws for feet.


Message History

The zap hits Sigmund but does no damage.
Sigmund is moderately wounded.
Sigmund casts a spell at himself.
Sigmund flickers and vanishes!
Deactivating autopickup; reactivate with Ctrl-A.
Aiming: Shock (safe; 4% risk of failure)
Press: ? - help, Q - select action, (/) - cycle Shift-Dir - straight line, f - you That beam is likely to hit you.
Continue anyway?
Okay, then.
Okay, then.
Casting: Shock (safe; 4% risk of failure)
Confirm with . or Enter, or press ? or * to list all spells.
Aiming: Shock (safe; 4% risk of failure)
Press: ? - help, Shift-Dir - straight line The zap hits something.
Something barely misses you.
Unknown command.
You miss something. You miss something. You claw something. Something hits you!
Ouch! That really hurt!
You die...

## ########### #.
#<........# #.
#########.# #)
#####+## #.# #.
#......#
#####'####.
#......#
#.......##.
#......#
#.......##.
#..{@.!#
#.......##.
......##'##
#.......##. .....
#.# #######'####.
.... #.#
........#.... ...
#.#
#######รท#.### ..
#.# .............
.
#.############.##
#..............#
#################


There were no monsters in sight!

Vanquished Creatures
  An adder (D:2)
  A dart slug (D:1)
  A leopard gecko (D:1)
  2 orcs (D:1)
  A ball python (D:1)
  A giant cockroach (D:1)
  2 jackals (D:1)
  A kobold (D:1)
  2 bats (D:1)
  3 frilled lizards
  4 goblins
  6 rats
25 creatures vanquished.

Vanquished Creatures (others)
  A plant (D:1)
1 creature vanquished.

Grand Total: 26 creatures vanquished

Notes
Turn   | Place    | Note
-------+----------+-------------------------------------------
     0 | D:1      | raph the Tengu Air Elementalist began the quest for the
                  | Orb.
     0 | D:1      | Reached XP level 1. HP: 10/10 MP: 4/4
   225 | D:1      | Reached XP level 2. HP: 15/15 MP: 0/6
  1192 | D:1      | Reached XP level 3. HP: 12/19 MP: 2/7
  1195 | D:1      | Learned a level 2 spell: Swiftness
  1199 | D:1      | Learned a level 3 spell: Static Discharge
  1651 | D:2      | Found a bloodstained altar of Trog.
  1801 | D:2      | Noticed Sigmund
  1809 | D:2      | Slain by Sigmund

Illustrated notes

Levels and vault maps discovered:
D:1:      shiori_arrival_maze, layout_loops_ring, serial_forest,
          infiniplex_forest_end_3, infiniplex_forest_straight_2,
          infiniplex_forest_end_3, infiniplex_forest_clump_long,
          infiniplex_forest_clump_curved
D:2:      cheibrodos_pilgrimage, layout_basic, bloody_trog, uniq_terence,
          uniq_sigmund

Skill      XL: |  1  2 |
---------------+-------+-----
Conjurations   | 2 |  2.1
Dodging        | |  2.5
Stealth        | |  2.4
Spellcasting   | |  2.3
Air Magic      | |  4.7

Action                   || total
-------------------------++-------
Melee: Spear             ||    42
       Kick              ||    16
       Peck              ||     7
 Cast: Shock             ||    37
       Static Discharge  ||     3
 Stab: Sleeping          ||     1
Armor: Robe              ||     3
Dodge: Dodged            ||    16
